[Event "Kvibergspelen September 2019"]
[Site "Prioritet Serneke Arena, Krutvagen 2, Gothenburg, Sweden"]
[Date "2019.09.27"]
[Round "3.6"]
[White "Seo, Jung Min"]
[Black "Rasti, Arvin"]
[Result "1-0"]
[TimeControl "15 minutes + 5 seconds per move from move one (Round 1 - 4) / 90 minutes + 30 seconds per move from move one (Round 5 - 8)"]
[WhiteTitle "FM"]
[WhiteFideId "1734687"]
[BlackFideId "1741160"]
[WhiteElo "2437"]
[BlackElo "2182"]

1. e4 c5 2. Nf3 d6 3. d4 cxd4 4. Nxd4 Nf6 5. Nc3 g6 6. g3 Bg7 7. Bg2 O-O 8. O-O Nc6 9. Nde2 Nd7 10. Nd5 Nb6 11. Ne3 Bd7 12. c3 Rc8 13. f4 Na5 14. Kh1 Nac4 15. Nxc4 Nxc4 16.
b3 Nb6 17. Bd2 Bg4 18. Rc1 Qd7 19. c4 h5 20. Be3 h4 21. gxh4 Bf6 22. Bf2 Kg7 23. Qe1 Rh8 24. Ng1 Rh7 25.
e5 1-0

[Event "Kvibergspelen September 2019"]
[Site "Prioritet Serneke Arena, Krutvagen 2, Gothenburg, Sweden"]
[Date "2019.09.27"]
[Round "3.7"]
[White "Johansson, Gunnar"]
[Black "Le, Quang Long"]
[Result "1/2-1/2"]
[TimeControl "15 minutes + 5 seconds per move from move one (Round 1 - 4) / 90 minutes + 30 seconds per move from move one (Round 5 - 8)"]
[BlackTitle "IM"]
[WhiteFideId "1703501"]
[BlackFideId "12401749"]
[WhiteElo "2183"]
[BlackElo "2415"]

1. d4 Nf6 2. c4 c5 3. d5 e6 4. Nc3 exd5 5. cxd5 d6 6. e4 a6 7. a4 g6 8. h3 Bg7 9. Nf3 O-O 10.
Bd3 Nbd7 11. O-O Qe7 12. Re1 Ne8 13. Rb1 Nc7 14. Bg5 f6 15. Be3 Ne5 16. Nxe5 fxe5 17. a5 Ne8 18. b4 c4 19.
Bxc4 Bxh3 20. gxh3 Rc8 21. Qb3 Qc7 22. Be2 Qxc3 23. Qxc3 Rxc3 24. Rec1 Ra3 25. b5 Rxa5 26. bxa6 bxa6 27.
Rb6 Nf6 28. Rxd6 Nxe4 29. Rxa6 Rxa6 30. Bxa6 Ra8 31. Rc6 Bf8 32. Re6 Nc5 33. Bxc5 Bxc5 34. Rc6 Bb4 35. Rc8+ Rxc8 36. Bxc8 Kf7 37.
f3 Kf6 38. Kf2 Bc5+ 1/2-1/2

[Event "Kvibergspelen September 2019"]
[Site "Prioritet Serneke Arena, Krutvagen 2, Gothenburg, Sweden"]
[Date "2019.09.27"]
[Round "3.8"]
[White "Bruaset, Eivind"]
[Black "Pantzar, Milton"]
[Result "1/2-1/2"]
[TimeControl "15 minutes + 5 seconds per move from move one (Round 1 - 4) / 90 minutes + 30 seconds per move from move one (Round 5 - 8)"]
[BlackTitle "FM"]
[WhiteFideId "1515276"]
[BlackFideId "1721003"]
[WhiteElo "2181"]
[BlackElo "2376"]

1. e4 e5 2. Nf3 Nc6 3. d4 exd4 4.
Bc4 Nf6 5. e5 Ng4 6. Bxf7+ Kxf7 7. Ng5+ Kg8 8. Qxg4 h6 9. Nf3 d6 10. Qe4 dxe5 11. Nxe5 Nxe5 12. Qxe5 Qd6 13. Bf4 Qxe5+ 14. Bxe5 Bf5 15. Bxd4 Re8+ 16. Be3 Bxc2 17. O-O Bd6 18. Nd2 Bd3 19. Rfe1 Kf7 20. Bd4 c5 21. Bc3 b5 22. Nf3 c4 23.
Ne5+ Bxe5 24. Bxe5 Re6 25. Bd4 Rxe1+ 26. Rxe1 a6 27. f3 Rd8 28. Bc3 g5 29. Kf2 Bf5 30. Re5 Be6 31. Rc5 Rd6 32.
Bb4 Rd5 33. Rc6 Bf5 34. Rxa6 Be6 35. Ra7+ Kg6 36. Bc3 Rd7 37. Ra6 Kf7 38. Rb6 Rd5 39. Ke3 Ke7 40. Bb4+ Kf7 41. Rb7+ Kg6 42. Bc3 h5 43. Re7 Bf5 44.
Re5 Rxe5+ 45. Bxe5 Bb1 46. a3 Kf5 47. Bg3 g4 48. fxg4+ hxg4 49.
h3 gxh3 50. gxh3 Kg6 51. Kd4 Bc2 52.
Kc5 Ba4 53. Bf2 1/2-1/2

[Event "Kvibergspelen September 2019"]
[Site "Prioritet Serneke Arena, Krutvagen 2, Gothenburg, Sweden"]
[Date "2019.09.27"]
[Round "3.9"]
[White "Akesson, Ralf"]
[Black "Nygren, Kim"]
[Result "1/2-1/2"]
[TimeControl "15 minutes + 5 seconds per move from move one (Round 1 - 4) / 90 minutes + 30 seconds per move from move one (Round 5 - 8)"]
[WhiteTitle "GM"]
[WhiteFideId "1700120"]
[BlackFideId "1706136"]
[WhiteElo "2367"]
[BlackElo "2171"]

1. d4 Nf6 2. Nf3 e6 3. c4 b6 4.
g3 Ba6 5. b3 Bb4+ 6. Bd2 Be7 7. Nc3 d5 8. cxd5 Nxd5 9. Bg2 O-O 10. O-O Nd7 11. Re1 Nxc3 12. Bxc3 Rc8 13. b4 Bb7 14.
Qa4 a6 15. Rab1 Be4 16. Rbc1 Ra8 17. Red1 b5 18. Qb3 Nb6 19. Ne5 Bxg2 20. Kxg2 Bd6 21. Nc6 Qg5 22. Bd2 Qh5 23. e4 Rfe8 24.
Na5 Rac8 25. a3 h6 26. Qd3 f5 27. f3 g5 28. Re1 g4 29. fxg4 fxg4 30. Rf1 Rf8 31. Qe3 Qh3+ 32. Kg1 Rf3 33.
Rxf3 gxf3 34. Qxf3 Rf8 35. Qe2 e5 36. d5 Nd7 37. Nb3 Nf6 38. Nc5 Bxc5+ 39. bxc5 Ng4 40. Be3 h5 41. d6 h4 42.
gxh4 Nxe3 43. Kh1 Nf1 44. Rc3 Ne3 45. Rc1 Nf1 46. Rc3 Qxc3 47. Qg4+ Kf7 48. Qf5+ Kg7 49. Qg5+ 1/2-1/2

[Event "Kvibergspelen September 2019"]
[Site "Prioritet Serneke Arena, Krutvagen 2, Gothenburg, Sweden"]
[Date "2019.09.27"]
[Round "3.10"]
[White "Muntean, Victor"]
[Black "Bellon Lopez, Juan"]
[Result "1-0"]
[TimeControl "15 minutes + 5 seconds per move from move one (Round 1 - 4) / 90 minutes + 30 seconds per move from move one (Round 5 - 8)"]
[BlackTitle "GM"]
[WhiteFideId "1054414"]
[BlackFideId "2200031"]
[WhiteElo "2020"]
[BlackElo "2334"]

1. e4 c5 2. c3 Qa5 3. Nf3 e6 4. Be2 d6 5. O-O Nf6 6. e5 dxe5 7. Nxe5 Qc7 8.
d4 Nbd7 9. Bf4 Bd6 10. Re1 O-O 11. Bd3 g6 12. Na3 a6 13. Nac4 Nh5 14. Bh6 Rd8 15. Nxd6 Qxd6 16. Qf3 Nxe5 17.
Rxe5 f5 18. Rxc5 Nf6 19. Bf4 Qf8 20. Bc4 Nd5 21. Bxd5 exd5 22. Rxd5 Be6 23. Re5 Qf7 24. Rae1 Bd5 25. Qe3 Bc6 26. d5 Rxd5 27. Re7 Qf6 28.
c4 Rdd8 29. Bg5 f4 30. Qh3 Qh8 31. Qe6+ 1-0

[Event "Kvibergspelen September 2019"]
[Site "Prioritet Serneke Arena, Krutvagen 2, Gothenburg, Sweden"]
[Date "2019.09.27"]
[Round "3.11"]
[White "Ernst, Thomas"]
[Black "Lyngsjo, Hakan"]
[Result "0-1"]
[TimeControl "15 minutes + 5 seconds per move from move one (Round 1 - 4) / 90 minutes + 30 seconds per move from move one (Round 5 - 8)"]
[WhiteTitle "GM"]
[WhiteFideId "1700065"]
[BlackFideId "1701649"]
[WhiteElo "2328"]
[BlackElo "2031"]

1. e4 Nf6 2. e5 Nd5 3. d4 d6 4. Nf3 dxe5 5. Nxe5 c6 6. Bc4 Nd7 7. Nd3 N7b6 8. Bb3 g6 9. Nd2 Bg7 10.
Nf3 Bg4 11. c3 O-O 12. O-O Rc8 13. h3 Bxf3 14. Qxf3 e6 15. Rd1 Nd7 16. Qg3 Qc7 17. Qh4 Rfe8 18. Bh6 Ne7 19. Bxg7 Nf5 20.
Qe4 Kxg7 21. Re1 b6 22. Ne5 Nxe5 23. dxe5 c5 24. Rad1 Red8 25. Kf1 Rxd1 26. Rxd1 Rd8 27. Rxd8 Qxd8 28.
Ke2 Qd7 29. Ba4 b5 30. Bc2 Ne7 31. Qd3 Nd5 32. g3 Qc6 33. a3 a5 34. Qe4 Qc7 35. f4 b4 36. c4 Ne7 37. Qe3 Qc6 38.
Be4 Qb6 39. a4 Nc6 40. Bxc6 Qxc6 41. Kd2 Qg2+ 42. Kc1 Qf1+ 43. Kd2 Qxc4 44. b3 Qd5+ 45. Qd3 Kf8 46. Kc2 Ke7 47. Qa6 Qe4+ 48. Kd2 Qd5+ 49. Kc2 Qg2+ 50.
Kc1 Qxg3 51. Qa7+ Kf8 52. Qxc5+ Kg7 53. Qxa5 Qxf4+ 54. Kd1 Qf3+ 55. Kd2 Qxb3 56. Qb5 Qc3+ 57. Ke2 b3 58. Qd3 Qxe5+ 59. Kf3 b2 60. a5 Qf5+ 61. Qxf5 gxf5 62. a6 b1=Q 63. a7 Qa1 64. Kg3 0-1

[Event "Kvibergspelen September 2019"]
[Site "Prioritet Serneke Arena, Krutvagen 2, Gothenburg, Sweden"]
[Date "2019.09.27"]
[Round "3.13"]
[White "Lindberg, Bengt"]
[Black "Persson, Ulf"]
[Result "1-0"]
[TimeControl "15 minutes + 5 seconds per move from move one (Round 1 - 4) / 90 minutes + 30 seconds per move from move one (Round 5 - 8)"]
[WhiteTitle "IM"]
[WhiteFideId "1700359"]
[BlackFideId "1726854"]
[WhiteElo "2397"]
[BlackElo "1991"]

1. e4 c5 2. Nf3 d6 3.
d4 cxd4 4. Nxd4 Nf6 5. Nc3 a6 6. Be3 Ng4 7. Bg5 h6 8.
Bc1 Nc6 9. Nxc6 bxc6 10. h3 Nf6 11. Bc4 e6 12. O-O Be7 13. b3 O-O 14. Bb2 d5 15. Bd3 e5 16. Qe2 Bd6 17. exd5 cxd5 18.
Nxd5 Bb7 19. Nxf6+ Qxf6 20. f4 Bc5+ 21. Kh2 Qc6 22. fxe5 Rae8 23. Rf4 Bd6 24. Rg4 g5 25. Re1 f5 26. Rg3 Qc7 27. Qh5 Qg7 28. exd6 Qxb2 29.
Rxe8 Qg7 30. Bxf5 Bd5 31. d7 Bf7 32. Rxf8+ Qxf8 33. Rxg5+ Kh8 34. d8=Q Qxd8 35.
Qxh6# 1-0

[Event "Kvibergspelen September 2019"]
[Site "Prioritet Serneke Arena, Krutvagen 2, Gothenburg, Sweden"]
[Date "2019.09.27"]
[Round "3.14"]
[White "Bjorkeroth, Johan"]
[Black "Sorensen, Hampus"]
[Result "0-1"]
[TimeControl "15 minutes + 5 seconds per move from move one (Round 1 - 4) / 90 minutes + 30 seconds per move from move one (Round 5 - 8)"]
[BlackTitle "FM"]
[WhiteFideId "1719106"]
[BlackFideId "8703884"]
[WhiteElo "2147"]
[BlackElo "2319"]

1. e4 e5 2. Nf3 Nc6 3. Nc3 Nf6 4. d4 exd4 5. Nxd4 Bc5 6. Be3 Bb6 7. Be2 d6 8. Nxc6 bxc6 9. Bd4 Qe7 10.
O-O O-O 11. Bf3 Nd7 12. g3 Rb8 13. b3 Nc5 14. Bxc5 Bxc5 15. Na4 Bb6 16. Nxb6 axb6 17. Re1 Qe5 18. Bg4 Ra8 19. Bxc8 Rfxc8 20. a4 Re8 21. Qd3 Ra5 22. b4 Ra7 23. Qc4 c5 24. c3 Rea8 25. f4 Qh5 26. Qd5 Qxd5 27. exd5 Kf8 28. a5 cxb4 29. cxb4 bxa5 30. bxa5 Rxa5 31. Rac1 Rc5 32. Rxc5 dxc5 33. Kf2 Rd8 34. Rd1 Ke7 35.
Ke3 Kd6 36. h4 Ra8 37. Rd3 h5 38. Ke4 Ra4+ 0-1

[Event "Kvibergspelen September 2019"]
[Site "Prioritet Serneke Arena, Krutvagen 2, Gothenburg, Sweden"]
[Date "2019.09.27"]
[Round "3.15"]
[White "Crevatin, Leo"]
[Black "Carlsson, Ludvig"]
[Result "0-1"]
[TimeControl "15 minutes + 5 seconds per move from move one (Round 1 - 4) / 90 minutes + 30 seconds per move from move one (Round 5 - 8)"]
[WhiteTitle "CM"]
[BlackTitle "CM"]
[WhiteFideId "1726307"]
[BlackFideId "1727010"]
[WhiteElo "2235"]
[BlackElo "2066"]

1. d4 e6 2. c4 b6 3. e4 Bb7 4. Bd3 Bb4+ 5. Nd2 Nc6 6. Ngf3 Qf6 7. e5 Qe7 8. O-O g5 9. d5 exd5 10. cxd5 Nd8 11. Ne4 g4 12. Nf6+ Nxf6 13. exf6 Qxf6 14.
Bg5 Qg7 15. Re1+ Bxe1 16. Qxe1+ Ne6 17. dxe6 fxe6 18. Qe5 Qxe5 19. Nxe5 Rg8 20. Bh4 d6 21. Nc4 Kf7 22. Bg3 Rg7 23. Re1 Rd8 24. Bc2 a5 25.
a4 h5 26. Rc1 Rd7 27. Bd3 Rg5 28. Ne3 Kf8 29. Bb5 Rf7 30. Kf1 Be4 31. Ke2 Kg8 32. Rc4 Bb7 33. Be8 Ba6 34. Bxf7+ Kxf7 35.
Kd2 Bxc4 36. Nxc4 Rd5+ 37. Ke3 Ke7 38. Nd2 Rc5 39. Kd3 Kf7 40. Bf4 Rd5+ 41. Ke3 e5 42.
Bg3 Rd4 43. b3 Ke6 44. f3 c6 45.
fxg4 Rxg4 46. Kf2 b5 47. axb5 cxb5 48. h3 Rb4 49. Ke2 a4 50. bxa4 bxa4 51. Kd3 a3 52. Kc3 Rb7 53. Nb3 a2 0-1

[Event "Kvibergspelen September 2019"]
[Site "Prioritet Serneke Arena, Krutvagen 2, Gothenburg, Sweden"]
[Date "2019.09.27"]
[Round "3.16"]
[White "Ronneland, Daniel"]
[Black "Wengholm, Anders"]
[Result "1/2-1/2"]
[TimeControl "15 minutes + 5 seconds per move from move one (Round 1 - 4) / 90 minutes + 30 seconds per move from move one (Round 5 - 8)"]
[WhiteFideId "1702130"]
[BlackFideId "1704818"]
[WhiteElo "2137"]
[BlackElo "2218"]

1. e4 c5 2. Nf3 d6 3. d4 cxd4 4. Nxd4 Nf6 5. Nc3 e6 6. Bg5 Be7 7. f4 h6 8. Bh4 Nxe4 9. Bxe7 Nxc3 10. Bxd8 Nxd1 11. Rxd1 Kxd8 12.
Nb5 Nc6 13. Nxd6 Ke7 14. Bb5 Rd8 15. Bxc6 Rxd6 16. Rxd6 Kxd6 17. Bf3 Bd7 18. Kd2 Rc8 19. Rd1 Bc6 20. Bxc6 Rxc6 21. Ke3+ 1/2-1/2

[Event "Kvibergspelen September 2019"]
[Site "Prioritet Serneke Arena, Krutvagen 2, Gothenburg, Sweden"]
[Date "2019.09.27"]
[Round "3.17"]
[White "Wernberg, Hugo"]
[Black "Jaksland, Tim"]
[Result "0-1"]
[TimeControl "15 minutes + 5 seconds per move from move one (Round 1 - 4) / 90 minutes + 30 seconds per move from move one (Round 5 - 8)"]
[BlackTitle "FM"]
[WhiteFideId "1737511"]
[BlackFideId "1401084"]
[WhiteElo "1999"]
[BlackElo "2214"]

1. e4 c5 2. Nf3 d6 3. d4 cxd4 4. Nxd4 Nf6 5. Nc3 a6 6. Be2 e5 7. Nb3 Be7 8. O-O O-O 9. Kh1 b5 10.
Bg5 Nbd7 11. a3 Bb7 12. f3 Rc8 13. Qd2 Qc7 14. Rfd1 Rfd8 15. Rac1 Nb6 16. Bxf6 Bxf6 17. Nd5 Nxd5 18.
exd5 h6 19. Qd3 Bg5 20. Nd2 Qb6 21. c4 Qe3 22. Rc3 Qxd3 23. Bxd3 Bxd2 24. Rxd2 bxc4 25. Bxc4 a5 26. Rdc2 Kf8 27.
Kg1 Ke7 28. Kf2 Rc7 29. Ba2 Rxc3 30. Rxc3 Rc8 31. Rxc8 Bxc8 32. Ke3 Kd7 33. f4 f6 34. g3 Kc7 35. Kd3 Kb6 36. b4 axb4 37. axb4 exf4 38. gxf4 g5 39. fxg5 hxg5 40. Bc4 Bh3 41. Ke3 Bf5 42. Kd4 Bb1 43.
Ke3 Bg6 44. Kd4 Be8 45. Ke4 Bd7 46. Ke3 f5 47. Kd4 Be8 48. Bd3 f4 49. Be2 Bg6 50. Bf1 Bf5 51. Be2 Bh3 52. Ke4 Bg2+ 53. Bf3 Bxf3+ 54. Kxf3 Kb5 55. Kg4 Kxb4 56. h4 gxh4 57. Kxh4 Kc4 58. Kg4 Kxd5 59. Kxf4 Kd4 60. Kf3 Kd3 61. Kf2 d5 62. Ke1 d4 63. Kd1 Kc3 64. Kc1 d3 65. Kd1 d2 66. Ke2 Kc2 0-1

[Event "Kvibergspelen September 2019"]
[Site "Prioritet Serneke Arena, Krutvagen 2, Gothenburg, Sweden"]
[Date "2019.09.27"]
[Round "3.18"]
[White "Trost, Edvin"]
[Black "Hansen, Lars"]
[Result "1-0"]
[TimeControl "15 minutes + 5 seconds per move from move one (Round 1 - 4) / 90 minutes + 30 seconds per move from move one (Round 5 - 8)"]
[WhiteFideId "1729519"]
[BlackFideId "1402528"]
[WhiteElo "1982"]
[BlackElo "2207"]

1. Nf3 d5 2. d4 Nf6 3. e3 c6 4. b3 Bg4 5. Bd3 Ne4 6. Bb2 e6 7. a3 Nd7 8. Nbd2 f5 9. c4 Bd6 10.
Qc2 O-O 11. Ne5 Bxe5 12. dxe5 Qh4 13. O-O Rad8 14. b4 Nxd2 15. Qxd2 Nb6 16. c5 Nd7 17. f3 Bh5 18. f4 Kh8 19. Qf2 Qe7 20. Be2 Bxe2 21. Qxe2 g5 22. g3 b6 23. cxb6 axb6 24. a4 c5 25. b5 Ra8 26.
Qd2 gxf4 27. Rxf4 Rfc8 28. a5 bxa5 29. Rxa5 Qd8 30. Bc3 Rxa5 31. Bxa5 Nb6 32. e4 Nc4 1-0

[Event "Kvibergspelen September 2019"]
[Site "Prioritet Serneke Arena, Krutvagen 2, Gothenburg, Sweden"]
[Date "2019.09.27"]
[Round "3.19"]
[White "Bjorklund, Thomas"]
[Black "Seo, Jung Hyun"]
[Result "0-1"]
[TimeControl "15 minutes + 5 seconds per move from move one (Round 1 - 4) / 90 minutes + 30 seconds per move from move one (Round 5 - 8)"]
[WhiteFideId "1724576"]
[BlackFideId "1735667"]
[WhiteElo "2169"]
[BlackElo "1685"]

1. e4 c6 2. d4 d5 3.
exd5 cxd5 4. Nf3 Bg4 5. Be2 Nc6 6. O-O e6 7. Bg5 Qc7 8. h3 Bxf3 9. Bxf3 Bd6 10. Nc3 a6 11. Re1 Nge7 12. Bg4 O-O 13. Ne2 Kh8 14.
c3 b5 15. Bh4 b4 16. Bg3 Bxg3 17. Nxg3 bxc3 18. bxc3 Na5 19. Qd3 Nc4 20. Nh5 Rfc8 21. Rab1 Nd6 22. Rb3 a5 23. a4 Qc4 24.
Qxc4 Rxc4 25. Reb1 h6 26. Rb8+ Rxb8 27.
Rxb8+ Nec8 28. Nf4 Kh7 29. Ra8 Rxa4 30.
Nd3 Ra3 31. Nc5 Rxc3 32. Rxa5 Rc4 33. Nb3 Rb4 34. Bd1 Nc4 35. Rc5 N8d6 36. Bc2+ g6 37. Rc7 Kg7 38. Nc5 Kf6 39. Nd7+ Kg5 40. Bd3 Rb7 41. Rxb7 Nxb7 42. Kf1 Nbd6 43. Ke2 Nf5 44. Bxf5 Kxf5 45. Kd3 e5 46. f3 Ke6 47. Nc5+ Kd6 48.
Nb7+ Kc7 49. Nc5 Kc6 50. Na6 f6 51. g3 f5 52. dxe5 Nxe5+ 53. Ke3 Kb5 54. Nc7+ Kc4 55. Ne6 Nc6 56. f4 d4+ 57. Kd2 d3 58.
Nf8 g5 59. fxg5 hxg5 60. Ne6 g4 61.
h4 Ne5 62. Ng7 Nf3+ 63. Kd1 f4 64.
gxf4 Nxh4 65. Nh5 Nf5 66. Kd2 g3 67. Nxg3 Nxg3 68. Ke3 Kc3 69. Kf3 Nf5 70. Ke4 Ne7 71. Ke5 d2 72.
Ke6 d1=Q 73. Kxe7 Qf3 0-1

[Event "Kvibergspelen September 2019"]
[Site "Prioritet Serneke Arena, Krutvagen 2, Gothenburg, Sweden"]
[Date "2019.09.27"]
[Round "3.20"]
[White "Andersson, Christer"]
[Black "Kumar, Rahul"]
[Result "0-1"]
[TimeControl "15 minutes + 5 seconds per move from move one (Round 1 - 4) / 90 minutes + 30 seconds per move from move one (Round 5 - 8)"]
[WhiteFideId "1734857"]
[BlackFideId "5010969"]
[WhiteElo "1672"]
[BlackElo "2158"]

1. Nf3 g6 2. d4 Bg7 3. c3 Nf6 4. Bg5 c5 5. e3 O-O 6. Be2 d6 7. O-O Qb6 8. Qc2 Bf5 9. Qc1 Nc6 10. Nbd2 cxd4 11. exd4 Rac8 12.
Nb3 a5 13. Bxf6 Bxf6 14. Qd2 a4 15. Nc1 e5 16. d5 Na5 17. h3 Rc5 18. Rd1 Be4 19. Qe3 Bc2 20. b4 axb3 21. Nxb3 Nxb3 22.
axb3 Qxb3 23. c4 Bxd1 24. Rxd1 Qxe3 25. fxe3 e4 26. Nd2 Re8 27. Nb3 Rc7 28. Rb1 Bg5 29. Kf2 Re5 30. g4 f5 31.
Nd4 Rf7 32. gxf5 gxf5 33. Bh5 Bh4+ 34. Kf1 Rfe7 35. Ne6 R5xe6 36. dxe6 Kg7 37. Bf7 Kf6 38. Kg2 Rc7 39. Rb4 Bg5 40. Kf2 h5 41. Ra4 h4 42.
Rb4 Bh6 43. Ra4 Bf8 44. Ra8 Be7 45. Ra4 Rc6 46. Ke2 Rb6 47. Ra2 Rb4 48. Rc2 Ra4 49. Kd2 Ra3 50.
Rb2 Ra7 51. Kc3 Kg7 52. Kc2 Bg5 53. Kd2 Kf6 54. Bg8 Ke7 55. Bf7 Bf6 56. Rb5 Be5 57. Rb3 Kf6 58. Ke1 Kg7 59. Kf1 Bf6 60.
Rb6 Be7 61. Rb5 Kf6 62. Rb3 Ra4 63.
Rxb7 Rxc4 64. Rb8 Rc1+ 65. Kg2 Re1 66.
Kf2 Rh1 67. Kg2 Rc1 68. Rh8 Rc2+ 69. Kf1 Ke5 70. Rh7 Rc7 71. Bg8 d5 72. Ke2 d4 73.
exd4+ Kxd4 74. Rh5 f4 75. Rf5 Rc2+ 76. Kd1 Rg2 77. Rxf4 Rxg8 78. Rf7 Kd3 79. Kc1 Kc3 80.
Kd1 Kd3 81. Ke1 Bc5 0-1

[Event "Kvibergspelen September 2019"]
[Site "Prioritet Serneke Arena, Krutvagen 2, Gothenburg, Sweden"]
[Date "2019.09.27"]
[Round "4.1"]
[White "Seo, Jung Min"]
[Black "Schandorff, Lars"]
[Result "1/2-1/2"]
[TimeControl "15 minutes + 5 seconds per move from move one (Round 1 - 4) / 90 minutes + 30 seconds per move from move one (Round 5 - 8)"]
[WhiteTitle "FM"]
[BlackTitle "GM"]
[WhiteFideId "1734687"]
[BlackFideId "1400070"]
[WhiteElo "2437"]
[BlackElo "2496"]

1. d4 Nf6 2. c4 e6 3.
Nc3 d5 4. Nf3 Nbd7 5. Bg5 Be7 6. e3 h6 7. Bh4 O-O 8. Rc1 c5 9. cxd5 Nxd5 10. Bxe7 Nxe7 11. Be2 cxd4 12. Qxd4 Nf6 13.
O-O Qxd4 14. Nxd4 Bd7 15. Bf3 Rab8 16. Rfd1 Rfd8 17. h3 a6 18. Kf1 Kf8 19. Ke1 Ke8 20. Rd2 Rdc8 21. Rdd1 Nc6 22. Nxc6 Bxc6 23. Bxc6+ Rxc6 24. Ne2 Rbc8 25. Rxc6 Rxc6 26. Rc1 Rxc1+ 27. Nxc1 Kd7 28.
Nd3 Kd6 29. Kd2 Ne4+ 30. Kc2 Nf6 31. Kd2 Ne4+ 32. Kc2 Nf6 33. Kd2 Ne4+ 1/2-1/2

[Event "Kvibergspelen September 2019"]
[Site "Prioritet Serneke Arena, Krutvagen 2, Gothenburg, Sweden"]
[Date "2019.09.27"]
[Round "4.3"]
[White "Hector, Jonny"]
[Black "Muntean, Victor"]
[Result "1-0"]
[TimeControl "15 minutes + 5 seconds per move from move one (Round 1 - 4) / 90 minutes + 30 seconds per move from move one (Round 5 - 8)"]
[WhiteTitle "GM"]
[WhiteFideId "1700090"]
[BlackFideId "1054414"]
[WhiteElo "2477"]
[BlackElo "2020"]

1. e4 e5 2. Nf3 Nc6 3. d4 exd4 4. Nxd4 Bc5 5. Nb3 Bb6 6. Nc3 Nf6 7. Qe2 O-O 8. Be3 d6 9. O-O-O Re8 10.
f3 Be6 11. g4 Ne5 12. Bxb6 axb6 13. g5 Nfd7 14. Qg2 f6 15. f4 Nc4 16. f5 Ne3 17. Qh3 Bxb3 18. Qxe3 Bf7 19. Rg1 fxg5 20.
Rxg5 Qf6 21. Be2 Nc5 22. Rdg1 g6 23. fxg6 hxg6 24. Bc4 Ne6 25. Nd5 Qg7 26. R5g3 b5 27. Bb3 Rac8 28. Nf4 Nxf4 29.
Qxf4 1-0

[Event "Kvibergspelen September 2019"]
[Site "Prioritet Serneke Arena, Krutvagen 2, Gothenburg, Sweden"]
[Date "2019.09.27"]
[Round "4.4"]
[White "Nygren, Kim"]
[Black "Hillarp Persson, Tiger"]
[Result "0-1"]
[TimeControl "15 minutes + 5 seconds per move from move one (Round 1 - 4) / 90 minutes + 30 seconds per move from move one (Round 5 - 8)"]
[BlackTitle "GM"]
[WhiteFideId "1706136"]
[BlackFideId "1700812"]
[WhiteElo "2171"]
[BlackElo "2558"]

1. Nf3 Nf6 2. e3 g6 3. c4 Bg7 4. Nc3 O-O 5. Qc2 d6 6. b3 e5 7. Bb2 Re8 8. d3 c6 9. Be2 d5 10.
cxd5 cxd5 11. O-O Nc6 12. Rac1 a6 13. Na4 d4 14. exd4 exd4 15. Rfe1 Nd5 16. Bf1 Rxe1 17. Rxe1 Bg4 18.
Nd2 Ncb4 19. Qb1 Nc3 20. Bxc3 dxc3 21. Ne4 Rc8 22. a3 c2 23. Qd1 0-1

[Event "Kvibergspelen September 2019"]
[Site "Prioritet Serneke Arena, Krutvagen 2, Gothenburg, Sweden"]
[Date "2019.09.27"]
[Round "4.5"]
[White "Blomqvist, Erik"]
[Black "Jaksland, Tim"]
[Result "1-0"]
[TimeControl "15 minutes + 5 seconds per move from move one (Round 1 - 4) / 90 minutes + 30 seconds per move from move one (Round 5 - 8)"]
[WhiteTitle "GM"]
[BlackTitle "FM"]
[WhiteFideId "1709437"]
[BlackFideId "1401084"]
[WhiteElo "2519"]
[BlackElo "2214"]

1. e4 c5 2. Nf3 d6 3. d4 cxd4 4. Qxd4 Nc6 5. Qe3 Nf6 6. Be2 Bg4 7. O-O e6 8. Rd1 Qc7 9. c4 Be7 10.
Nc3 O-O 11. b3 Rfd8 12. Bb2 a6 13. Rac1 Rac8 14. Nd5 exd5 15. cxd5 Bxf3 16. Bxf3 Qa5 17. dxc6 Rxc6 18. a3 Rxc1 19.
Rxc1 Nd7 20. b4 Qg5 21. Qxg5 Bxg5 22. Rc7 Nb6 23. Bd4 Nd7 24. Rxb7 Ne5 25. Be2 Rc8 26. g3 Bf6 27. Be3 h6 28.
Bxa6 Nf3+ 29. Kg2 Ne1+ 30. Kf1 Nc2 31. Bf4 Nxa3 32. Bxd6 Rc6 33. e5 Rxa6 34. b5 Nxb5 35. Rxb5 g6 36. Rb8+ Kh7 37. Rf8 Ra1+ 38.
Kg2 Bg7 39. Rxf7 1-0

[Event "Kvibergspelen September 2019"]
[Site "Prioritet Serneke Arena, Krutvagen 2, Gothenburg, Sweden"]
[Date "2019.09.27"]
[Round "4.6"]
[White "Le, Quang Long"]
[Black "Bruaset, Eivind"]
[Result "1-0"]
[TimeControl "15 minutes + 5 seconds per move from move one (Round 1 - 4) / 90 minutes + 30 seconds per move from move one (Round 5 - 8)"]
[WhiteTitle "IM"]
[WhiteFideId "12401749"]
[BlackFideId "1515276"]
[WhiteElo "2415"]
[BlackElo "2181"]

1. Nf3 e6 2. g3 Nf6 3. c4 d5 4. Bg2 Be7 5. O-O O-O 6. Qc2 b6 7. cxd5 Nxd5 8. Nc3 Bb7 9. d4 Nd7 10.
Rd1 N7f6 11. Bg5 h6 12. Bxf6 Bxf6 13. Ne4 Rc8 14. Rac1 Qe7 15. Qa4 c5 16. dxc5 Bxb2 17. Rc2 Bf6 18.
Nxf6+ gxf6 19. c6 Nb4 20. cxb7 Rxc2 21. a3 Qxb7 22. Qxb4 Qc7 23. Qg4+ Kh8 24. Qd4 Kg7 25. Bf1 Rc8 26.
Qg4+ Kh8 27. Qh5 Kg7 28. Rd4 f5 29. e4 e5 30. Rd5 Rc5 31. Qxf5 Rxd5 32. exd5 f6 33. Bd3 Rh8 34. Qg6+ Kf8 35. Qxf6+ Kg8 36. Bf5 Qg7 37. Qe6+ Kf8 38. Nxe5 Qe7 39. Ng6+ 1-0

[Event "Kvibergspelen September 2019"]
[Site "Prioritet Serneke Arena, Krutvagen 2, Gothenburg, Sweden"]
[Date "2019.09.27"]
[Round "4.7"]
[White "Malmstig, Erik"]
[Black "Lindberg, Bengt"]
[Result "0-1"]
[TimeControl "15 minutes + 5 seconds per move from move one (Round 1 - 4) / 90 minutes + 30 seconds per move from move one (Round 5 - 8)"]
[WhiteTitle "FM"]
[BlackTitle "IM"]
[WhiteFideId "1702866"]
[BlackFideId "1700359"]
[WhiteElo "2257"]
[BlackElo "2397"]

1. d4 Nf6 2. Bg5 e6 3. Nf3 h6 4. Bh4 b6 5. Nbd2 Bb7 6. e3 d6 7. Bd3 Nbd7 8. e4 Be7 9. Qe2 a6 10.
O-O-O b5 11. e5 Nd5 12. Bg3 Nb4 13. exd6 cxd6 14. Kb1 Rc8 15. Ne4 Nxd3 16. Nxd6+ Bxd6 17. Bxd6 Nf6 18. Ba3 Nf4 19.
Qd2 N4d5 20. Rhe1 a5 21. Bc5 Nd7 22. Bd6 Qb6 23. Bg3 b4 24. Ne5 Nc3+ 25. Ka1 Nxe5 26. Bxe5 f6 27. d5 Nxd1 28.
Bd4 Qc7 29. Rxe6+ Kf7 30. Qe2 Bxd5 31.
Ra6 Qxc2 32. Ra7+ Kg8 33. Rxg7+ Kxg7 34. Qe7+ Kg8 0-1